 Dungeon Crawl Stone Soup version 0.18.1-48-g4cf74bf (webtiles) character file.

440 Mesmaeker13 the Shooter (level 6, -4/43 HPs)
             Began as a High Elf Hunter on Aug 11, 2016.
             Was an Initiate of Okawaru.
             Killed by divine providence
             ... invoked by an orc priest
              (15 damage)
             ... on level 5 of the Dungeon.
             The game lasted 00:08:14 (3899 turns).

Mesmaeker13 the Shooter (High Elf Hunter)           Turns: 3899, Time: 00:08:15

Health: -4/43      AC:  5    Str: 12    XL:     6   Next: 70%
Magic:  7/7        EV: 14    Int: 19    God:    Okawaru [......]
Gold:   136        SH:  4    Dex: 16    Spells: 0 memorised, 5 levels left

rFire  . . .     SeeInvis .     j - +1 dagger (flame)
rCold  . . .     Gourm    .     c - +0 leather armour
rNeg   . . .     Faith    .     (no shield)
rPois  .         Spirit   .     t - +0 helmet
rElec  .         Dismiss  .     (no cloak)
rCorr  .         Reflect  +     (no gloves)
SustAt .         Harm     .     x - +0 pair of boots
MR     .....                    p - +4 amulet of reflection
Stlth  ++........               (no ring)
                                s - +3 ring of intelligence

@: not resistant to hostile enchantments, unstealthy
A: no striking features
a: Renounce Religion


You were on level 5 of the Dungeon.
You worshipped Okawaru.
Okawaru was noncommittal.
You were very hungry.

You visited 2 branches of the dungeon, and saw 6 of its levels.

You collected 136 gold pieces.

Inventory:

Hand Weapons
 a - a +1 shortbow
 j - a +1 dagger of flaming (weapon)
Missiles
 d - 32 arrows
Armour
 c - a +0 leather armour (worn)
 q - a +0 ring mail
 t - a +0 helmet (worn)
 x - a +0 pair of boots (worn)
Jewellery
 p - a +4 amulet of reflection (around neck)
 s - a +3 ring of intelligence (left hand)
Scrolls
 e - 2 scrolls of noise {unknown}
 h - 3 scrolls of teleportation
 i - 2 scrolls of immolation
 k - 2 scrolls of fear
 l - 2 scrolls of enchant weapon
 n - 2 scrolls of identify
 u - a scroll of amnesia {unknown}
 w - a scroll of random uselessness {unknown}
Potions
 g - 5 potions of curing
 m - 2 potions of cancellation {unknown}
Comestibles
 b - a royal jelly
 f - 3 bread rations
 o - a meat ration


   Skills:
 + Level 4.3 Fighting
 + Level 7.5 Bows
 + Level 5.0 Dodging
 - Level 1.1 Stealth


You had 5 spell levels left.
You didn't know any spells.

Dungeon Overview and Level Annotations

Branches:
Dungeon (5/15)             Temple (1/1) D:4

Altars:
Ashenzari
Cheibriados
Elyvilon
Fedhas
Kikubaaqudgha
Okawaru
Pakellas
Qazlal
Ru
Sif Muna
Trog
Xom
Yredelemnul
Zin
The Shining One

Annotations:
D:3 Thomus's ghost, amateur DECj
D:5 Wardy's ghost, novice NaVM


Message History

An orc comes into view.
A giant cockroach comes into view.
The orc priest closely misses you. The orc priest barely misses you.
An ice beast comes into view.
The orc priest calls down the wrath of Beogh upon you.
Beogh smites you! The orc closely misses you.
The orc priest casts a cantrip, but nothing happens.
An ice beast comes into view.
The orc priest looks braver for a moment.
The orc priest drinks a potion.
The orc priest suddenly seems more resistant.
The orc priest casts a cantrip, but nothing happens.
The orc priest mumbles some strange prayers to Beogh against you.
Beogh smites you!
The orc priest invokes the aid of Beogh against you.
Beogh smites you!
* * * LOW HITPOINT WARNING * * *
The orc priest invokes the aid of Beogh against you.
Beogh smites you!
You die...

######## #.......
######.######
###...#..#.....
###.......##.####
##.........##.#...
##@....###...#.#.##
##....###
###.#.#.#. ##o..###
#<#....... ###s..##
#[###.#.#.
###....##
#.###.#.##
####.oo..##
#..##.#...
######....Y..##
##.##.####
.#........O###
#.##....)
.#......Y###
##.#######


You could see an ice beast, an ogre, 2 orc priests, an orc and a giant
cockroach.

Vanquished Creatures
  Grinder (D:5)
  A centaur skeleton (D:4)
  2 iguanas (D:4)
  2 worker ants (D:4)
  Robin (D:4)
  3 adders
  An ooze (D:1)
  A worm (D:2)
  2 giant geckos (D:2)
  2 orcs (D:4)
  A ball python (D:2)
  2 giant cockroaches
  2 gnoll zombies (D:2)
  18 goblins
  8 hobgoblins
  4 jackals (D:1)
  6 kobolds
  10 bats
  A giant gecko skeleton (D:4)
  2 giant newts
  2 rats
72 creatures vanquished.

Vanquished Creatures (others)
  A goblin (D:4)
1 creature vanquished.

Grand Total: 73 creatures vanquished

Notes
Turn   | Place    | Note
--------------------------------------------------------------
     0 | D:1      | Mesmaeker13 the High Elf Hunter began the quest for the Orb.
     0 | D:1      | Reached XP level 1. HP: 14/14 MP: 2/2
   140 | D:1      | Reached XP level 2. HP: 19/19 MP: 3/3
   331 | D:1      | Found a shattered altar of Ashenzari.
   627 | D:1      | Reached XP level 3. HP: 25/25 MP: 4/4
  1421 | D:2      | Found a basalt altar of Yredelemnul.
  1622 | D:2      | Reached XP level 4. HP: 30/30 MP: 5/5
  1678 | D:3      | Reached skill level 6 in Bows
  1693 | D:3      | Found an iron altar of Okawaru.
  1713 | D:3      | Became a worshipper of Warmaster Okawaru
  1745 | D:3      | Noticed Thomus's ghost (amateur DECj)
  2398 | D:4      | Noticed Robin
  2423 | D:4      | Killed Robin
  2492 | D:4      | Reached XP level 5. HP: 15/36 MP: 6/6
  3160 | D:4      | Found a staircase to the Ecumenical Temple.
  3258 | Temple   | Entered the Ecumenical Temple
  3341 | D:5      | Entered Level 5 of the Dungeon
  3341 | D:5      | Noticed an ogre
  3702 | D:5      | Noticed Grinder
  3741 | D:5      | Killed Grinder
  3741 | D:5      | Reached skill level 7 in Bows
  3741 | D:5      | Reached skill level 5 in Dodging
  3741 | D:5      | Reached XP level 6. HP: 28/43 MP: 7/7
  3750 | D:5      | Noticed Wardy's ghost (novice NaVM)
  3789 | D:5      | Found a sacrificial altar of Ru.
  3888 | D:5      | Noticed an ice beast
  3891 | D:5      | Noticed an ice beast
  3899 | D:5      | Killed from afar by an orc priest

Skill      XL: |  1  2  3  4  5 |
---------------+----------------+-----
Dodging        | 3 4 5 |  5.0
Bows           | 6 7 |  7.5
Fighting       | 3 4 |  4.3
Stealth        | |  1.1

Action                   |  1- 3 |  4- 6 || total
-------------------------+-------+-------++-------
Melee: Dagger            |    46 |   129 ||   175
 Fire: Shortbow          |    73 |    19 ||    92
  Use: Scroll            |     1 |     3 ||     4
       Potion            |       |     6 ||     6
 Stab: Sleeping          |     4 |     2 ||     6
  Eat: Chunk             |     2 |     6 ||     8
Armor: Leather armour    |    15 |    31 ||    46
Dodge: Dodged            |    46 |   103 ||   149
Block: Other             |       |    18 ||    18
       Reflection        |       |     1 ||     1
